 Dungeon Crawl Stone Soup version 0.31-a0-810-ga77100ea1a (webtiles) character file.

Game seed: 14877906648829346777

1754 thirtiethelement the Sneak (level 8, 0/52 (56) HPs)
             Began as a Demonspawn Enchanter on Sept 22, 2023.
             Was a Priest of Sif Muna.
             Slain by a wight
             ... wielding a +0 spear
              (7 damage)
             ... on level 7 of the Dungeon.
             The game lasted 00:18:25 (6156 turns).

thirtiethelement the Sneak (Demonspawn Enchanter)   Turns: 6156, Time: 00:18:26

HP:   0/52 (56)     AC:  2    Str:  9    XL:     8   Next: 78%
MP:   2/14          EV: 17    Int: 16    God:    Sif Muna [***...]
Gold: 426           SH:  5    Dex: 16    Spells: 7/15 levels left

rFire   + . .        h - +5 dagger (distort)
rCold   + . .        d - +1 buckler
rNeg    . . .        b - +0 robe
rPois   .            (helmet restricted)
rElec   .            a - scarf {rC+ rF+}
rCorr   .            (no gloves)
SInv    .            (no boots)
Will    .....        (no amulet)
Stlth   ++++         r - +5 ring of evasion
HPRegen 0.28/turn    (no ring)
MPRegen 0.14/turn

%: no passive effects
@: confusing by touch, about to teleport, drained
A: horns 2, spiny 1, demonic magic 1, MP-powered wands
a: Renounce Religion, Channel Magic, Forget Spell


You were on level 7 of the Dungeon.
You worshipped Sif Muna.
Sif Muna was most pleased with you.
You visited 1 branch of the dungeon, and saw 7 of its levels.
You also visited: Sewer.

You collected 426 gold pieces.

Inventory:

Hand Weapons
 h - a +5 dagger of distortion (weapon)
 o - a +1 dagger of venom
 y - a +0 dagger of speed
Missiles
 t - 3 javelins (quivered)
Armour
 a - a scarf of resistance (worn)
 b - a +0 robe (worn)
 d - a +1 buckler (worn)
 q - a +1 chain mail of fire resistance
 u - a +0 cloak
Jewellery
 e - an amulet of faith
 r - a +5 ring of evasion (left hand)
Talismans
 g - a flux talisman
 E - a blade talisman
Wands
 m - a wand of mindburst (11)
 s - a wand of roots (9)
 w - a wand of flame (16)
Scrolls
 f - a scroll of brand weapon
 i - 2 scrolls of fear
 k - 2 scrolls of silence
 v - a scroll of enchant armour
Potions
 c - 2 potions of invisibility
 j - 2 potions of enlightenment
 l - a potion of attraction {unknown}
 n - a potion of degeneration {unknown}
 p - 3 potions of curing {unknown}
 x - a potion of haste {unknown}
 z - a potion of might {unknown}
 A - 2 potions of berserk rage
 C - a potion of heal wounds {unknown}


   Skills:
 + Level 2.0 Fighting
 + Level 4.0 Short Blades
 + Level 2.9 Dodging
 + Level 7.8 Stealth
 + Level 0.3 Shields
 + Level 4.1 Spellcasting
 + Level 4.8 Hexes
 + Level 2.4 Ice Magic


You had 7 spell levels left.
You knew the following spells:

 Your Spells              Type           Power      Damage    Failure   Level
a - Ensorcelled Hibernat  Hex/Ice        30%        N/A       9%          2
b - Tukima's Dance        Hex            18%        N/A       11%         3
c - Confusing Touch       Hex            18%        N/A       11%         3

Your spell library contained the following spells:

 Spells                   Type           Power      Damage    Failure   Level
 Apportation              Tloc           6%         N/A       26%         1
 Necrotise                Necr           12%        1d4       26%         1
 Summon Small Mammal      Summ           12%        N/A       26%         1
 Dazzling Flash           Conj/Hex       22%        N/A       28%         3
 Passwall                 Tmut/Erth      2%         N/A       36%         2
 Swiftness                Air            3%         N/A       61%         3
 Volatile Blastmotes      Fire/Tloc      6%         2d10      61%         3
 Fulminant Prism          Conj/Hex       5%         3d7       67%         4
 Summon Ice Beast         Ice/Summ       7%         N/A       83%         4
 Iskenderun's Mystic Bla  Conj/Tloc      3%         2d3       95%         4
 Summon Mana Viper        Hex/Summ       11%        N/A       95%         5
 Monstrous Menagerie      Summ           1%         N/A       100%        7


Dungeon Overview and Level Annotations

Branches:
Dungeon (7/15)             Temple (0/1) D:7           Sewer (visited)

Altars:
Dithmenos
Sif Muna
Yredelemnul

Shops:
D:2 !


Innate Abilities, Weirdness & Mutations

You have a pair of horns on your head.
You are partially covered in sharp spines.
Spells you cast may paralyse adjacent enemies.
You expend magic power (3 MP) to strengthen your wands.


Message History

Your hands begin to glow brighter.
Malevolent energies surge around you.
The wight suddenly stops moving!
The wight completely misses you. The wight is struck by your spines.
The wight closely misses you.
The helpless wight fails to defend itself.
You hit the wight but do no damage. You headbutt the wight.
The wight is heavily damaged.
The wight closely misses you.
The wight hits you with a +0 dire flail.
The helpless wight fails to defend itself.
You hit the wight but do no damage. You headbutt the wight.
The wight is almost destroyed.
The wight hits you from afar with a +0 spear!
The wight completely misses you.
The helpless wight fails to defend itself.
You hit the wight but do no damage. You headbutt the wight.
You destroy the wight!
Sif Muna accepts your kill.
The wight hits you with a +0 dire flail.
You feel drained. The wight closely misses you.
Your Spellcasting skill increases to level 4!
You hit the wight but do no damage.
The wight is almost destroyed.
Your magical contamination has completely faded away.
You barely miss the wight.
The wight is severely damaged.
The wight hits you from afar with a +0 spear!
The wight is struck by your spines.
The wight hits you with a +0 dire flail!
* * * LOW HITPOINT WARNING * * *
The wight closely misses you.
As you read the scroll of teleportation, it crumbles to dust.
You feel strangely unstable. The wight misses you.
The wight hits you with a +0 dire flail.
* * * LOW HITPOINT WARNING * * *
You feel drained.
* * * LOW HITPOINT WARNING * * *
The wight attacks as it pursues you! The wight misses you.
The wight attacks as it pursues you!
The wight hits you from afar with a +0 spear!
You die...

## ### .# #.. .#
#.# .# #.# .#
#.# .# #######.#
.# ........# ##
#... .# #.@# ..
.... .## #..#
.#...z.
..######. #zz#
?#.....
)........ #..#
..z.. .)####..
#..# ... ....##
#..######.#.#...
###..#
#.).............
##.##
#..............#
#..#
#..###..######.#


You could see 2 wights.

Vanquished Creatures
  Grinder (D:5)
  Sigmund (D:2)
  A sky beast (D:7)
  A black bear (D:7)
  2 kobold brigands
  4 bullfrogs
  2 scorpions
  A wight (D:7)
  3 hounds
  A jelly (D:6)
  3 sleepcaps
  Jessica (D:3)
  2 iguanas
  2 orc wizards
  3 gnolls (D:4)
  13 adders
  A shadow imp (D:7)
  2 white imps
  An ufetubus (D:4)
  2 dart slugs
  16 orcs
  17 ball pythons
  16 endoplasms
  11 giant cockroaches
  4 goblins
  6 hobgoblins (D:1)
  12 kobolds
  15 quokkas
  5 bats
  7 frilled lizards
  4 rats
160 creatures vanquished.

Vanquished Creatures (others)
  A kobold (D:7)
1 creature vanquished.

Grand Total: 161 creatures vanquished

Notes
Turn   | Place    | Note
-------+----------+-------------------------------------------
     0 | D:1      | thirtiethelement the Demonspawn Enchanter began the quest
                  | for the Orb.
     0 | D:1      | Reached XP level 1. HP: 13/13 MP: 3/3
    79 | D:1      | Reached skill level 3 in Stealth
    87 | D:1      | Gained mutation: Spells you cast may paralyse adjacent
                  | enemies. [demonic ancestry]
    87 | D:1      | Reached XP level 2. HP: 13/19 MP: 5/5
    90 | D:1      | Learned a level 2 spell: Ensorcelled Hibernation
   488 | D:1      | Reached skill level 1 in Short Blades
   553 | D:1      | Gained mutation: You have a pair of small horns on your
                  | head. [demonic ancestry]
   553 | D:1      | Reached XP level 3. HP: 17/24 MP: 3/6
  1269 | D:2      | Found Xilal's Distillery.
  1335 | D:2      | Learned a level 3 spell: Tukima's Dance
  1799 | D:2      | Reached XP level 4. HP: 30/30 MP: 7/7
  1963 | D:2      | Noticed Sigmund
  1965 | D:2      | Killed Sigmund
  1966 | D:2      | Reached skill level 4 in Stealth
  1966 | D:2      | Reached XP level 5. HP: 35/35 MP: 8/8
  2240 | D:3      | Noticed Jessica
  2247 | D:3      | Found a shimmering blue altar of Sif Muna.
  2252 | D:3      | Killed Jessica
  2253 | D:3      | Reached skill level 5 in Stealth
  2414 | D:3      | Found a basalt altar of Yredelemnul.
  2658 | D:3      | Became a worshipper of Sif Muna the Loreminder
  2812 | D:4      | Gained mutation: You are partially covered in sharp spines.
                  | [demonic ancestry]
  2812 | D:4      | Reached XP level 6. HP: 41/41 MP: 9/9
  2963 | D:4      | Reached skill level 1 in Ice Magic
  3044 | D:4      | Found a glowing drain.
  3057 | Sewer    | Entered a sewer
  3209 | Sewer    | Reached * piety under Sif Muna
  3316 | Sewer    | Reached XP level 7. HP: 27/47 MP: 4/10
  3440 | D:4      | Reached skill level 1 in Fighting
  3519 | D:4      | Reached ** piety under Sif Muna
  3984 | D:4      | Learned a level 3 spell: Confusing Touch
  3999 | D:5      | Entered Level 5 of the Dungeon
  4191 | D:5      | Reached skill level 6 in Stealth
  4340 | D:5      | Found a shadowy altar of Dithmenos.
  4340 | D:5      | Noticed Grinder
  4349 | D:5      | Killed Grinder
  4799 | D:5      | Reached XP level 8. HP: 43/54 MP: 9/12
  5463 | D:7      | Reached skill level 7 in Stealth
  5548 | D:7      | Gained mutation: You occasionally lose the ability to drink
                  | potions when taking damage. [potion of mutation]
  5549 | D:7      | Lost mutation: You occasionally lose the ability to drink
                  | potions when taking damage. [potion of mutation]
  5549 | D:7      | Gained mutation: You have a pair of horns on your head.
                  | [potion of mutation]
  5549 | D:7      | Gained mutation: You expend magic power (3 MP) to
                  | strengthen your wands. [potion of mutation]
  5768 | D:7      | Reached *** piety under Sif Muna
  5864 | D:7      | Found a staircase to the Ecumenical Temple.
  6156 | D:7      | Slain by a wight

Illustrated notes

Levels and vault maps discovered:
D:1:      mrwooster_arrival_statue_2, layout_basic
D:2:      layout_basic, serial_shops, nicolae_shop_getting_attention,
          grunt_ministairs_6, uniq_sigmund
D:3:      layout_rooms, kennysheep_ying_yang, tgw_sif, chequers_arboretum,
          kennysheep_minor_cross
D:4:      layout_loops_ring, portal_sewer_entry_d, kennysheep_generic_room_16
D:5:      layout_layer_cave, nicolae_dithmenos_shadow_blocks, grunt_decor_cap,
          uniq_grinder
D:6:      layout_rooms
D:7:      layout_basic, minmay_temple_entry_grid

Skill      XL: |  1  2  3  4  5  6  7  8 |
---------------+-------------------------+-----
Stealth        | 3 4 5 6 7 |  7.8
Short Blades   | 1 2 3 4 |  4.0
Dodging        | 2 |  2.9
Ice Magic      | 1 2 |  2.4
Fighting       | 1 2 |  2.0
Hexes          | 4 |  4.8
Spellcasting   | 3 4 |  4.1
Shields        | |  0.3

Action                     |  1- 3 |  4- 6 |  7- 9 || total
---------------------------+-------+-------+-------++-------
  Melee: Dagger            |   102 |    79 |    90 ||   271
         Headbutt          |     2 |     3 |    10 ||    15
   Cast: Ensorcelled Hiber |    16 |    11 |    15 ||    42
         Confusing Touch   |       |       |     6 ||     6
         Tukima's Dance    |       |       |     1 ||     1
    Use: Scroll            |       |     6 |     9 ||    15
         Potion            |       |       |     2 ||     2
   Stab: Sleeping          |    15 |    13 |    15 ||    43
         Paralysed         |    12 |     5 |    16 ||    33
         Confused          |       |       |     1 ||     1
 Armour: Robe              |    57 |    32 |    35 ||   124
  Dodge: Dodged            |    52 |    36 |    42 ||   130
  Block: Buckler           |       |       |     7 ||     7

Table legend: (Time is in decaauts)
 A = Elapsed time spent in this place.
 B = Non-inter-level travel time spent in this place.
 C = Inter-level travel time spent in this place.
 D = Time resting spent in this place.
 E = Time spent auto-exploring this place.
 F = Levels seen in this place.
 G = Mean time per level.
                   A        B        C        D        E       F      G
               +--------+--------+--------+--------+--------+-----+--------+
         Total |   6200 |   5954 |    246 |    193 |   4165 |   8 |  775.0 |
       Dungeon |   5857 |   5611 |    246 |    139 |   4165 |   7 |  836.7 |
         Sewer |    343 |    343 |      0 |     54 |      0 |   1 |  343.0 |
               +--------+--------+--------+--------+--------+-----+--------+

Top non-repeatable levels by time:
     D:5: 1085 daAuts
     D:2: 1026 daAuts
     D:1: 965 daAuts
     D:4: 932 daAuts
     D:3: 784 daAuts
     D:7: 697 daAuts
     D:6: 364 daAuts
   Sewer: 343 daAuts
